 Dungeon Crawl Stone Soup version 0.30-a0-613-gdd512c7 (webtiles) character file.

Game seed: 7194443690702953833

57 Meow the Sneak (level 4, 36/36 HPs)
             Began as a Naga Conjurer on Jan 7, 2023.
             Quit the game on level 2 of the Dungeon on Jan 8, 2023.
             The game lasted 00:04:15 (1340 turns).

Meow the Sneak (Naga Conjurer)                      Turns: 1340, Time: 00:04:15

Health: 36/36      AC:  2    Str:  9    XL:     4   Next: 0%
Magic:  5/7        EV:  9    Int: 26    God:
Gold:   93         SH:  0    Dex: 10    Spells: 4/7 levels left

rFire   + . .      SeeInvis +    a - +0 sling
rCold   . . .      Faith    .    (no shield)
rNeg    . . .      Spirit   .    f - +0 robe
rPois   +          Reflect  .    (no helmet)
rElec   .          Harm     .    (no cloak)
rCorr   .          Rampage  .    (no gloves)
Will    .....                    (no barding)
Stlth   +++                      (no amulet)
HPRegen 0.26/turn                k - +6 ring of intelligence
MPRegen 0.10/turn                q - ring of protection from fire

@: very slow
A: AC +1, large, see invisible, deformed body, poison resistance, slowness 2,
spit poison 1, naga tail 1
a: Spit Poison


You were on level 2 of the Dungeon.
You visited 1 branch of the dungeon, and saw 2 of its levels.

You collected 93 gold pieces.

Inventory:

Hand Weapons
 a - a +0 sling (weapon)
 b - a +0 club
Missiles
 d - 3 poisoned darts
 e - 24 stones
Armour
 f - a +0 robe (worn)
Jewellery
 k - a +6 ring of intelligence (left hand)
 q - a ring of protection from fire (right hand)
Scrolls
 c - 5 scrolls of identify {unknown}
 g - a scroll of noise {unknown}
 i - a scroll of blinking {unknown}
 o - a scroll of fear {unknown}
 p - a scroll of silence {unknown}
 r - a scroll of teleportation {unknown}
 s - a scroll of vulnerability {unknown}
 t - a scroll of amnesia {unknown}
Potions
 h - a potion of heal wounds {unknown}
 j - a potion of ambrosia {unknown}
 l - a potion of magic
 m - 2 potions of mutation {unknown}
 n - 2 potions of attraction {unknown}


   Skills:
 - Level 1.5 Dodging
 - Level 6.0 Stealth
 + Level 2.2 Spellcasting
 + Level 4.1 Conjurations


You had 4 spell levels left.
You knew the following spells:

 Your Spells              Type           Power      Damage    Failure   Level
a - Magic Dart            Conj           96%        1d7       1%          1
b - Searing Ray           Conj           48%        2d6       2%          2

Your spell library contained the following spells:

 Spells                   Type           Power      Damage    Failure   Level
 Slow                     Hex            8%         N/A       11%         1
 Sting                    Tmut/Pois      8%         1d3       11%         1
 Dazzling Flash           Conj/Hex       26%        N/A       13%         3
 Poisonous Vapours        Pois/Air       4%         N/A       16%         2
 Confusing Touch          Hex            2%         N/A       30%         3
 Vampiric Draining        Necr           2%         2d6       30%         3
 Fulminant Prism          Conj/Hex       6%         3d7       41%         4
 Iskenderun's Mystic Bla  Conj/Tloc      13%        2d5       41%         4
 Olgreb's Toxic Radiance  Pois           2%         N/A       71%         4


Dungeon Overview and Level Annotations

Branches:
Dungeon (2/15)

Altars:


Innate Abilities, Weirdness & Mutations

Your serpentine skin is tough. (AC +1)
You have supernaturally acute eyesight. (SInv)
Armour fits poorly on your strangely shaped body.
Your system is resistant to poisons. (rPois)
You cover ground very slowly.
You can spit poison.
You have a snake-like lower body.


Message History

Aim: a hobgoblin (100% to hit)
The magic dart hits the hobgoblin.
The hobgoblin is heavily wounded.
Aiming: Spit Poison (2% risk of failure)
Press: ? - help, Shift-Dir - straight line, f/p - hobgoblin
Aim: a hobgoblin (heavily wounded, 59% to hit)
The splash of poison hits the hobgoblin!
You kill the hobgoblin!
Unknown command.
You start resting.
You have got your breath back.
You start resting.
Magic restored.
s - a scroll labelled ENUF UROBAEPS
Found a stone staircase leading up.
t - a scroll labelled VAPHOH HA XAFIVU You pick up a Young Poisoner's Handbook and begin reading...
You add the spells Sting, Poisonous Vapours and Olgreb's Toxic Radiance to your library.
c - 5 scrolls labelled UDOBAY WIRPHELO (gained 1)
e - 24 stones (gained 6)
A dart slug comes into view.
Aiming: Spit Poison (2% risk of failure)
Press: ? - help, Shift-Dir - straight line, f - dart slug
Aim: a dart slug (asleep, 100% to hit)
The splash of poison hits the dart slug.
The dart slug is poisoned.
The dart slug is lightly wounded.
Unknown command.
Casting: Magic Dart (safe; 1% risk of failure)
Confirm with . or Enter, or press ? or * to list all spells.
Aiming: Magic Dart (safe; 1% risk of failure)
Press: ? - help, Shift-Dir - straight line, f/p - dart slug
Aim: a dart slug (heavily wounded, poisoned, 100% to hit)
The magic dart hits the dart slug.
You kill the dart slug!
You have reached level 4!
You feel agile.
You start resting.
You have got your breath back.
Are you sure you want to abandon this character and quit the game? (Confirm with "yes".)

####### #.#......#.#.#......
#############.#.###........#####
...#..........### #.............
...#..........# #.......######
...#..........# ######.##
...#..........##########.########
...#.............................
...#..........####....##.###.....
...###..........@................
..........########....##.#.......
.........†# #....##.#.......
##........# #....##.#.......
..........# #. .##.#..)####
#######...##############.#...# #
.............................# #
#######...####.........#.##.## #
.......................#..#.# #


There were no monsters in sight!

Vanquished Creatures
  3 adders (D:2)
  2 dart slugs
  A bat (D:1)
  3 endoplasms
  A giant cockroach (D:2)
  3 goblins
  4 hobgoblins
  4 kobolds
  A frilled lizard (D:1)
  2 rats (D:1)
24 creatures vanquished.

Notes
Turn   | Place    | Note
-------+----------+-------------------------------------------
     0 | D:1      | Meow the Naga Conjurer began the quest for the Orb.
     0 | D:1      | Reached XP level 1. HP: 15/15 MP: 3/3
     0 | D:1      | Upgraded the game from 0.30-a0-605-gb288214 to
                  | 0.30-a0-613-gdd512c7
   116 | D:1      | Reached skill level 4 in Stealth
   132 | D:1      | Reached XP level 2. HP: 22/22 MP: 5/5
   137 | D:1      | Learned a level 2 spell: Searing Ray
   645 | D:2      | Reached skill level 5 in Stealth
   645 | D:2      | Reached XP level 3. HP: 28/28 MP: 3/6
  1069 | D:2      | Reached skill level 6 in Stealth
  1338 | D:2      | Reached XP level 4. HP: 36/36 MP: 5/7
  1340 | D:2      | Quit the game

Illustrated notes

Levels and vault maps discovered:
D:1:      dpeg_arrival_simpleton_b, layout_loops_ring, serial_rivers,
          chequers_serial_rivers_room_b, chequers_serial_rivers_marsh,
          chequers_serial_rivers_small_b, chequers_serial_rivers_marsh,
          chequers_serial_rivers_marsh, chequers_serial_rivers_micro_d,
          solitary_fountain
D:2:      layout_basic, kennysheep_generic_room_2

Skill      XL: |  1  2  3 |
---------------+----------+-----
Stealth        | 4 5 6 |  6.0
Dodging        | |  1.5
Spellcasting   | |  2.2
Conjurations   | |  4.1

Action                   |  1- 3 |  4- 6 || total
-------------------------+-------+-------++-------
 Fire: Sling             |     1 |       ||     1
 Cast: Magic Dart        |    25 |       ||    25
       Searing Ray       |     3 |       ||     3
 Abil: Spit Poison       |    18 |       ||    18
Armor: Robe              |     1 |       ||     1
Dodge: Dodged            |     2 |       ||     2

Table legend: (Time is in decaauts)
 A = Elapsed time spent in this place.
 B = Non-inter-level travel time spent in this place.
 C = Inter-level travel time spent in this place.
 D = Time resting spent in this place.
 E = Time spent auto-exploring this place.
 F = Levels seen in this place.
 G = Mean time per level.
                   A        B        C        D        E       F      G
               +--------+--------+--------+--------+--------+-----+--------+
         Total |   1685 |   1625 |     60 |    361 |    980 |   2 |  842.5 |
       Dungeon |   1685 |   1625 |     60 |    361 |    980 |   2 |  842.5 |
               +--------+--------+--------+--------+--------+-----+--------+

Top non-repeatable levels by time:
     D:2: 901 daAuts
     D:1: 784 daAuts
